 Dungeon Crawl Stone Soup version 0.18.1-48-g4cf74bf (webtiles) character file.

137 Gargoyl the Skirmisher (level 5, -6/43 HPs)
             Began as a Demonspawn Abyssal Knight on June 26, 2016.
             Was a Follower of Lugonu.
             Killed by divine providence
             ... invoked by an orc priest
              (11 damage)
             ... on level 3 of the Dungeon.
             The game lasted 00:03:05 (1666 turns).

Gargoyl the Skirmisher (Demonspawn Abyssal Knight)  Turns: 1666, Time: 00:03:06

Health: -6/43      AC: 10    Str: 14    XL:     5   Next: 0%
Magic:  7/7        EV:  9    Int: 13    God:    Lugonu [*.....]
Gold:   119        SH:  0    Dex: 12    Spells: 0 memorised, 4 levels left

rFire  . . .     SeeInvis .     a - +1 hand axe
rCold  . . .     Gourm    .     e - +4 scale mail
rNeg   . . .     Faith    .     (no shield)
rPois  .         Spirit   .     (no helmet)
rElec  .         Dismiss  .     (no cloak)
rCorr  .         Reflect  .     (no gloves)
SustAt .         Harm     .     (no boots)
MR     .....                    (no amulet)
Stlth  ..........               (no ring)
                                (no ring)

@: not resistant to hostile enchantments, extremely unstealthy
A: claws 1, spiny 1
a: Depart the Abyss, Renounce Religion


You were on level 3 of the Dungeon.
You worshipped Lugonu.
Lugonu was aware of your devotion.
You were not hungry.

You visited 1 branch of the dungeon, and saw 3 of its levels.
You visited the Abyss 1 time.

You collected 119 gold pieces.

Inventory:

Hand Weapons
 a - a +1 hand axe (weapon)
Armour
 e - a +4 scale mail (worn)
Jewellery
 o - a cursed amulet of inaccuracy {unknown}
Scrolls
 d - 3 scrolls of teleportation {unknown}
 f - 2 scrolls of blinking {unknown}
 g - a scroll of enchant armour {unknown}
 j - 3 scrolls of identify {unknown}
Potions
 b - a potion of curing {unknown}
 i - 2 potions of flight {unknown}
 k - a potion of agility {unknown}
 l - a potion of might {unknown}
 n - a potion of lignification {unknown}
Comestibles
 c - 3 bread rations
 h - a slice of pizza
 m - a chunk of flesh


   Skills:
 + Level 4.4 Fighting
 + Level 2.0 Axes
 * Level 2.9 Armour
 + Level 1.6 Dodging
 + Level 2.8 Invocations


You had 4 spell levels left.
You didn't know any spells.

Dungeon Overview and Level Annotations

Branches:
Dungeon (3/15)

Altars:
Gozag
Nemelex Xobeh
Okawaru
Pakellas
Trog


Innate Abilities, Weirdness & Mutations

You have sharp fingernails.
You are partially covered in sharp spines.


Message History

Eating one of 2 chunks of flesh.
This raw flesh tastes terrible.
You continue eating. x2
HP restored.
An orc priest comes into view. It is wielding a dagger.
The orc priest shouts!
The orc priest mumbles some strange prayers to Beogh against you.
Beogh smites you!
You closely miss the orc priest.
The orc priest calls down the wrath of Beogh upon you.
Beogh smites you!
Your scale mail prevents you from hitting the orc priest.
The orc priest calls down the wrath of Beogh upon you.
Beogh smites you!
* * * LOW HITPOINT WARNING * * *
You barely miss the orc priest.
The orc priest is struck by your spines.
The orc priest hits you but does no damage.
The orc priest invokes the aid of Beogh against you.
Beogh smites you!
You die...

##### #...##
#.#†@# #)#..o...#
##### #.##....##
....# #.##....#
###.# #..##..##
#.# #..##..#
###.## #...####
##...#########).##
............)....#


You could see an orc priest.

Vanquished Creatures
  An orc wizard (D:3)
  An iguana (D:3)
  An adder (D:2)
  3 gnolls (D:2)
  A dart slug (D:1)
  A giant gecko (D:3)
  2 orcs (D:3)
  A ball python (D:1)
  A giant cockroach (D:1)
  2 hobgoblins
  3 jackals (D:3)
  10 kobolds
  A quokka (D:2)
  4 bats
  A giant newt (D:1)
  2 goblins
  8 rats
43 creatures vanquished.

Notes
Turn   | Place    | Note
--------------------------------------------------------------
     0 | Abyss:1  | Gargoyl the Demonspawn Abyssal Knight began the quest for the Orb.
     0 | Abyss:1  | Reached XP level 1. HP: 18/18 MP: 2/2
    77 | Abyss:2  | Noticed a ynoxinul
    77 | D:1      | Escaped the Abyss
   218 | D:1      | Gained mutation: You are partially covered in sharp spines. [demonic ancestry]
   218 | D:1      | Reached XP level 2. HP: 24/24 MP: 3/3
   230 | D:1      | Reached * piety under Lugonu
   654 | D:2      | Reached skill level 1 in Dodging
   682 | D:2      | Found a sparkling altar of Nemelex Xobeh.
   683 | D:2      | Found an opulent altar of Gozag.
   684 | D:2      | Found an iron altar of Okawaru.
   689 | D:2      | Found a bloodstained altar of Trog.
   690 | D:2      | Found an oddly glowing altar of Pakellas.
   760 | D:2      | Gained mutation: You have sharp fingernails. [demonic ancestry]
   760 | D:2      | Reached XP level 3. HP: 30/30 MP: 4/4
   762 | D:2      | Found a faded altar to an unknown god.
   769 | D:2      | Reached skill level 4 in Fighting
   771 | D:2      | Reached XP level 4. HP: 16/37 MP: 4/6
  1600 | D:3      | Reached XP level 5. HP: 34/43 MP: 7/7
  1666 | D:3      | Killed from afar by an orc priest

Skill      XL: |  1  2  3 |
---------------+----------+-----
Armour         | 2 |  2.9
Dodging        | 1 |  1.6
Fighting       | 4 |  4.4
Axes           | 2 |  2.0
Invocations    | |  2.8

Action                   |  1- 3 |  4- 6 || total
-------------------------+-------+-------++-------
Melee: Hand axe          |    54 |    28 ||    82
Invok: Depart the Abyss  |     1 |       ||     1
  Eat: Chunk             |       |     3 ||     3
Armor: Scale mail        |    38 |    12 ||    50
Dodge: Dodged            |    35 |    14 ||    49
